Map: Abyssal Reef LE

Players

BIGFLLA - Winner!

  • Race: Protoss Protoss
  • League: Silver
  • Spawn Location: 11:00

A.I. 1 (Harder)

  • Race: Protoss Protoss
  • Spawn Location: 5:00

VOD

Have the link to the VOD?

Description

Time

  • Played on: March 20, 2017, 11:24 p.m.
  • Length: 6:08
Show
View Real Time Build Order
Export as new Build Order

BIGFLLA Protoss - Winner!

Build Orders: Mass Adepts 

Get SALT Encoding   

  12  0:00  Probe (Chrono Boost)  
  13  0:11  Probe (Chrono Boost)  
  14  0:22  Pylon  
  15  0:28  Probe (Chrono Boost)  
  15  0:30  Assimilator  
  15  0:40  Probe (Chrono Boost)  
  16  0:46  Gateway  
  16  0:51  Probe (Chrono Boost)  
  17  1:00  Assimilator  
  17  1:02  Probe (Chrono Boost)  
  18  1:12  Probe (Chrono Boost)  
  19  1:23  Probe (Chrono Boost)  
  20  1:34  Cybernetics Core  
  20  1:38  Gateway  
  20  1:40  Pylon  
  20  1:44  Probe (Chrono Boost)  
  21  1:57  Probe (Chrono Boost)  
  22  2:03  Pylon  
  22  2:11  Probe (Chrono Boost)  
  23  2:16  Adept  
  23  2:21  Probe (Chrono Boost)  
  26  2:29  Twilight Council  
  26  2:33  Pylon  
  26  2:40  Pylon  
  26  2:44  Adept  
  26  2:45  Warp Gate  
  30  2:51  Sentry  
  30  2:53  Resonating Glaives  
  29  3:11  Adept  
  31  3:17  Adept  
  33  3:38  Adept  
  35  3:44  Adept  
  35  3:46  Mothership Core (Chrono Boost)  
  39  4:06  Adept  
  41  4:11  Adept  
  39  4:33  Adept  
  39  4:37  Adept  
  41  4:39  Nexus  
  41  4:41  Assimilator  
  41  4:43  Assimilator  
  43  4:52  Pylon  
  43  4:55  Pylon  
  43  5:00  Adept  
  43  5:01  Adept  
  47  5:24  Adept  
  47  5:27  Adept  
Show
View Real Time Build Order
Export as new Build Order

A.I. 1 (Harder) Protoss 

Build Orders: 1 Gate Expand 

Get SALT Encoding   

  12  0:01  Probe (Chrono Boost)  
  13  0:11  Probe (Chrono Boost)  
  14  0:20  Pylon  
  14  0:22  Probe (Chrono Boost)  
  15  0:38  Probe (Chrono Boost)  
  16  0:49  Probe (Chrono Boost)  
  17  0:51  Gateway  
  18  1:11  Nexus, Probe (Chrono Boost)  
  18  1:28  Pylon  
  18  1:31  Assimilator  
  18  1:38  Zealot  
  18  1:43  Cybernetics Core  
  18  1:44  Probe (Chrono Boost)  
  21  1:56  Probe (Chrono Boost)  
  22  2:07  Probe (Chrono Boost), Gateway  
  23  2:13  Assimilator  
  23  2:18  Stalker  
  23  2:22  Pylon  
  25  2:24  Probe (Chrono Boost)  
  26  2:35  Probe (Chrono Boost)  
  27  2:38  Warp Gate  
  27  2:46  Probe (Chrono Boost), Stalker  
  30  2:52  Probe (Chrono Boost)  
  30  2:57  Probe (Chrono Boost)  
  32  3:04  Probe (Chrono Boost)  
  33  3:08  Gateway, Probe (Chrono Boost)  
  34  3:15  Probe (Chrono Boost)  
  34  3:16  Zealot  
  34  3:19  Probe (Chrono Boost)  
  38  3:29  Stalker  
  40  3:43  Sentry  
  41  3:52  Probe (Chrono Boost)  
  41  3:55  Adept, Probe (Chrono Boost)  
  40  4:00  Assimilator  
  40  4:03  Probe (Chrono Boost)  
  40  4:07  Probe (Chrono Boost)  
  37  4:12  Robotics Facility  
  37  4:14  Probe (Chrono Boost)  
  36  4:18  Probe (Chrono Boost)  
  30  4:33  Probe (Chrono Boost)  
  30  4:37  Probe (Chrono Boost)  
  32  4:43  Probe (Chrono Boost)  
  32  4:48  Probe (Chrono Boost)  
  33  4:54  Probe (Chrono Boost)  
  33  4:58  Immortal  
  33  4:59  Probe (Chrono Boost)  
  35  5:05  Probe (Chrono Boost)  
  40  5:10  Probe (Chrono Boost)  
  41  5:15  Zealot  
  41  5:17  Probe (Chrono Boost)  
  41  5:21  Probe (Chrono Boost)  
  36  5:30  Stalker  
  34  5:37  Probe (Chrono Boost)  
  26  5:43  Probe (Chrono Boost)  
  20  5:50  Probe (Chrono Boost)  
  20  5:56  Probe (Chrono Boost)  
Tags
 
Composition
Mass Adepts
League
Silver
Matchup
PvP
Replay Pack
3.21
Spawn Locations
Cross Positions
Add a new tag
Caveats
  • Supply blocks, unpowered buildings, or Contaminate may cause inaccurate times.
  • Supply counts are checked every 10 seconds.